NCAA
CINCINNATI BEARCATS @ OHIO STATE BUCKEYES
05/21/2027
 
TOP OF THE 1ST
Cincinnati Bearcats batting - Pitching for Ohio State Buckeyes : LHP Stan Miller
Pitching: LHP Stan Miller
Batting: SHB Pete Potter 0-0: Ball
1-0: Called Strike
1-1: DOUBLE (Line Drive, 7LS)
Batting: RHB Dave Richards 0-0: Foul Ball, location: 2F
0-1: Ball
1-1: Ball
2-1: Foul Ball, location: 2F
2-2: Fly out, F7 (Flyball, 7S)
Batting: RHB Henry Haines 0-0: Ball
1-0: Ball
2-0: Foul Ball, location: 2F
2-1: Ball
3-1: Foul Ball, location: 2F
3-2: Base on Balls
Batting: SHB Miguel Price 0-0: Ball
1-0: SINGLE (Line Drive, 89M)
Pete Potter to third
Henry Haines to second
Runner from 3rd tries for Home, SAFE, throw made home
Henry Haines to third
Miguel Price to second
Batting: RHB Ed Fuhrman 0-0: Foul Ball, location: 2F
0-1: Foul Ball, location: 2F
0-2: Foul Ball, location: 2F
0-2: Ball
1-2: SINGLE (Line Drive, 8RS)
Henry Haines scores
Miguel Price to third
Runner from 3rd tries for Home, throw and OUT!
Batting: RHB Dave Sawyer 0-0: Ball
1-0: Ball
2-0: Ball
3-0: Called Strike
3-1: Base on Balls
Ed Fuhrman to second
Batting: RHB Peter Jones 0-0: Swinging Strike
0-1: Called Strike
0-2: Strikes out swinging
Top of the 1st over - 2 run(s), 3 hit(s), 0 error(s), 2 left on base; Cincinnati 2 - Ohio State 0
BOTTOM OF THE 1ST
Ohio State Buckeyes batting - Pitching for Cincinnati Bearcats : RHP Stan Roberts
Pitching: RHP Stan Roberts
Batting: SHB Theodore Draper 0-0: Swinging Strike
0-1: Called Strike
0-2: Ball
1-2: Fly out, F7 (Flyball, 78D)
Batting: RHB Josh Joyner 0-0: Foul Ball, location: 2F
0-1: Ball
1-1: Foul Ball, location: 2F
1-2: Ball
2-2: Ball
3-2: Ground out 5-3 (Groundball, 5)
Batting: LHB Roberto Herrera 0-0: Called Strike
0-1: Ball
1-1: Ball
2-1: Foul Ball, location: 2F
2-2: Strikes out swinging
Bottom of the 1st over - 0 run(s), 0 hit(s), 0 error(s), 0 left on base; Cincinnati 2 - Ohio State 0
TOP OF THE 2ND
Cincinnati Bearcats batting - Pitching for Ohio State Buckeyes : LHP Stan Miller
Batting: RHB Larry O'Sheill 0-0: Ground out 5-3 (Groundball, 5)
Batting: SHB Troy Abreu 0-0: Called Strike
0-1: Called Strike
0-2: Ball
1-2: Foul Ball, location: 2F
1-2: Ball
2-2: Foul Ball, location: 2F
2-2: Ball
3-2: Base on Balls
Batting: SHB Pete Potter 0-0: SINGLE (Line Drive, 34)
Troy Abreu to second
Batting: RHB Dave Richards 0-0: Swinging Strike
0-1: Foul Ball, location: 2F
0-2: Ball
1-2: Ball
2-2: Ball
3-2: Strikes out swinging
Batting: RHB Henry Haines 0-0: Called Strike
0-1: Ball
1-1: Foul Ball, location: 2F
1-2: Strikes out looking
Top of the 2nd over - 0 run(s), 1 hit(s), 0 error(s), 2 left on base; Cincinnati 2 - Ohio State 0
BOTTOM OF THE 2ND
Ohio State Buckeyes batting - Pitching for Cincinnati Bearcats : RHP Stan Roberts
Batting: RHB Richie Sawyer 0-0: Called Strike
0-1: Ball
1-1: Fly out, F8 (Flyball, 89XD)
Batting: SHB Bill House 0-0: Fly out, F3 (Line Drive, 3L)
Batting: RHB George Pierce 0-0: Called Strike
0-1: Foul Ball, location: 2F
0-2: Ball
1-2: Strikes out swinging
Bottom of the 2nd over - 0 run(s), 0 hit(s), 0 error(s), 0 left on base; Cincinnati 2 - Ohio State 0
TOP OF THE 3RD
Cincinnati Bearcats batting - Pitching for Ohio State Buckeyes : LHP Stan Miller
Batting: SHB Miguel Price 0-0: Called Strike
0-1: Ball
1-1: SINGLE (Flyball, 9LS)
Batting: RHB Ed Fuhrman 0-0: Ground out 4-3 (Groundball, 4MS)
Miguel Price to second
Batting: RHB Dave Sawyer 0-0: Ball
1-0: SINGLE (Groundball, 56D)
Miguel Price to third
Runner from 3rd tries for Home, SAFE, no throw
Batting: RHB Peter Jones 0-0: Called Strike
0-1: Ground out 5-3 (Groundball, 56S)
Dave Sawyer to second
Batting: RHB Larry O'Sheill 0-0: Ball
1-0: Ball
2-0: Foul Ball, location: 2F
2-1: Called Strike
2-2: Fly out, F9 (Flyball, 89S)
Top of the 3rd over - 1 run(s), 2 hit(s), 0 error(s), 1 left on base; Cincinnati 3 - Ohio State 0
BOTTOM OF THE 3RD
Ohio State Buckeyes batting - Pitching for Cincinnati Bearcats : RHP Stan Roberts
Batting: LHB Abraham Horton 0-0: Ground out U3 (Groundball, 34)
Batting: RHB Edgardo Gonzáles 0-0: Called Strike
0-1: Ball
1-1: Swinging Strike
1-2: Ball
2-2: Ball
3-2: Foul Ball, location: 2F
3-2: Base on Balls
Batting: RHB Frank Hester 0-0: Fly out, F3 (Popup, 3L)
Batting: SHB Theodore Draper 0-0: Called Strike
0-1: Called Strike
0-2: Foul Ball, location: 2F
0-2: Ball
1-2: 2-RUN HOME RUN (Flyball, 89XD), Distance : 367 ft
Batting: RHB Josh Joyner 0-0: Foul Ball, location: 2F
0-1: Called Strike
0-2: Strikes out swinging
Bottom of the 3rd over - 2 run(s), 1 hit(s), 0 error(s), 0 left on base; Cincinnati 3 - Ohio State 2
TOP OF THE 4TH
Cincinnati Bearcats batting - Pitching for Ohio State Buckeyes : LHP Stan Miller
Batting: SHB Troy Abreu 0-0: Ball
1-0: Ball
2-0: Foul Ball, location: 2F
2-1: Ball
3-1: Base on Balls
Batting: SHB Pete Potter 0-0: Called Strike
0-1: Ball
1-1: Fly out, F8 (Flyball, 8LM)
Batting: RHB Dave Richards 0-0: Ball
1-0: Called Strike
1-1: Ball
2-1: Foul Ball, location: 2F
2-2: Foul Ball, location: 2F
2-2: Fielders Choice at 2nd, 6-4 (Groundball, 6)
Pitching: LHP Gonzalo Tobías
Batting: RHB Henry Haines 0-0: Ball
1-0: Ball
2-0: Called Strike
2-1: Ball
3-1: Foul Ball, location: 2F
3-2: Strikes out swinging
Top of the 4th over - 0 run(s), 0 hit(s), 0 error(s), 1 left on base; Cincinnati 3 - Ohio State 2
BOTTOM OF THE 4TH
Ohio State Buckeyes batting - Pitching for Cincinnati Bearcats : RHP Stan Roberts
Batting: LHB Roberto Herrera 0-0: Ball
1-0: Foul Ball, location: 2F
1-1: Foul Ball, location: 2F
1-2: Strikes out looking
Batting: RHB Richie Sawyer 0-0: Ball
1-0: Called Strike
1-1: Ball
2-1: Called Strike
2-2: Ball
3-2: Foul Ball, location: 2F
3-2: Fly out, F7 (Flyball, 7S)
Batting: SHB Bill House 0-0: Ball
1-0: Ball
2-0: Ball
3-0: Base on Balls
Batting: RHB George Pierce 0-0: Called Strike
0-1: Ball
1-1: Ball
2-1: Foul Ball, location: 2F
2-2: Ball
3-2: Fly out, F7 (Flyball, 7LS)
Bottom of the 4th over - 0 run(s), 0 hit(s), 0 error(s), 1 left on base; Cincinnati 3 - Ohio State 2
TOP OF THE 5TH
Cincinnati Bearcats batting - Pitching for Ohio State Buckeyes : LHP Gonzalo Tobías
Batting: SHB Miguel Price 0-0: Called Strike
0-1: Foul Ball, location: 2F
0-2: Foul Ball, location: 2F
0-2: Strikes out looking
Batting: RHB Ed Fuhrman 0-0: SOLO HOME RUN (Flyball, 8LXD), Distance : 409 ft
Batting: RHB Dave Sawyer 0-0: Ball
1-0: Ball
2-0: Swinging Strike
2-1: Foul Ball, location: 2F
2-2: Ground out 6-3 (Groundball, 6)
Batting: RHB Peter Jones 0-0: Foul Ball, location: 2F
0-1: Foul Ball, location: 2F
0-2: Strikes out swinging
Top of the 5th over - 1 run(s), 1 hit(s), 0 error(s), 0 left on base; Cincinnati 4 - Ohio State 2
BOTTOM OF THE 5TH
Ohio State Buckeyes batting - Pitching for Cincinnati Bearcats : RHP Stan Roberts
Batting: LHB Abraham Horton 0-0: Ball
1-0: Called Strike
1-1: SINGLE (Groundball, 56D)
Batting: RHB Edgardo Gonzáles 0-0: Ball
1-0: Called Strike
1-1: Fly out, F9 (Flyball, 9LS)
Batting: RHB Frank Hester 0-0: Called Strike
0-1: Ball
1-1: Foul Ball, location: 2F
1-2: Strikes out swinging
Batting: SHB Theodore Draper 0-0: Ball
1-0: Ball
2-0: Called Strike
2-1: Fly out, F5 (Line Drive, 56)
Bottom of the 5th over - 0 run(s), 1 hit(s), 0 error(s), 1 left on base; Cincinnati 4 - Ohio State 2
TOP OF THE 6TH
Cincinnati Bearcats batting - Pitching for Ohio State Buckeyes : LHP Gonzalo Tobías
Batting: RHB Larry O'Sheill 0-0: Foul Ball, location: 2F
0-1: Foul Ball, location: 2F
0-2: Ball
1-2: Ball
2-2: Strikes out swinging
Batting: SHB Troy Abreu 0-0: Called Strike
0-1: Ball
1-1: Foul Ball, location: 2F
1-2: Strikes out swinging
Batting: SHB Pete Potter 0-0: Called Strike
0-1: Ball
1-1: Called Strike
1-2: Fly out, F9 (Flyball, 9S)
Top of the 6th over - 0 run(s), 0 hit(s), 0 error(s), 0 left on base; Cincinnati 4 - Ohio State 2
BOTTOM OF THE 6TH
Ohio State Buckeyes batting - Pitching for Cincinnati Bearcats : RHP Stan Roberts
Batting: RHB Josh Joyner 0-0: Called Strike
0-1: Called Strike
0-2: Strikes out looking
Batting: LHB Roberto Herrera 0-0: Called Strike
0-1: Ball
1-1: Ball
2-1: Ball
3-1: Foul Ball, location: 2F
3-2: Base on Balls
Pitching: RHP Chris Horne
Batting: RHB Richie Sawyer 0-0: Called Strike
0-1: Ball
1-1: Called Strike
1-2: Strikes out swinging
Batting: SHB Bill House 0-0: Ball
Roberto Herrera steals 2nd base
1-0: Ground out 4-3 (Groundball, 4S)
Bottom of the 6th over - 0 run(s), 0 hit(s), 0 error(s), 1 left on base; Cincinnati 4 - Ohio State 2
TOP OF THE 7TH
Cincinnati Bearcats batting - Pitching for Ohio State Buckeyes : LHP Gonzalo Tobías
Batting: RHB Dave Richards 0-0: Foul Ball, location: 2F
0-1: Ball
1-1: Foul Ball, location: 2F
1-2: Ball
2-2: Foul Ball, location: 2F
2-2: Foul Ball, location: 2F
2-2: Ball
3-2: Base on Balls
Batting: RHB Henry Haines 0-0: Ball
1-0: Ball
2-0: Ball
Wild Pitch!
Dave Richards to second
3-0: Intentional Walk
Batting: SHB Miguel Price 0-0: Called Strike
0-1: Ball
1-1: Ball
2-1: Called Strike
2-2: Ball
3-2: Base on Balls
Dave Richards to third
Henry Haines to second
Batting: RHB Ed Fuhrman 0-0: SINGLE (Groundball, 6MD)
Dave Richards scores
Henry Haines to third
Miguel Price to second
Pitching: RHP Greg MacGilroy
Batting: RHB Dave Sawyer 0-0: Ball
1-0: Foul Ball, location: 2F
1-1: Swinging Strike
1-2: Strikes out looking
Batting: RHB Peter Jones 0-0: Ball
1-0: Fly out, F6 (Popup, 6D)
Batting: RHB Larry O'Sheill 0-0: Swinging Strike
0-1: Ball
1-1: Ball
2-1: Ball
3-1: Base on Balls
Henry Haines scores
Miguel Price to third
Ed Fuhrman to second
Batting: SHB Troy Abreu 0-0: Ball
1-0: Ball
2-0: Ball
3-0: Base on Balls
Miguel Price scores
Ed Fuhrman to third
Larry O'Sheill to second
Batting: SHB Pete Potter 0-0: Ball
1-0: Ball
2-0: Ball
3-0: Called Strike
3-1: Called Strike
3-2: SINGLE (Flyball, 7LS)
Ed Fuhrman scores
Larry O'Sheill to third
Troy Abreu to second
Larry O'Sheill scores
Troy Abreu to third
Batting: RHB Dave Richards 0-0: Called Strike
0-1: Ball
1-1: Called Strike
1-2: Strikes out looking
Top of the 7th over - 5 run(s), 2 hit(s), 0 error(s), 2 left on base; Cincinnati 9 - Ohio State 2
BOTTOM OF THE 7TH
Ohio State Buckeyes batting - Pitching for Cincinnati Bearcats : RHP Chris Horne
Batting: RHB George Pierce 0-0: Ball
1-0: Ball
2-0: Ball
3-0: Base on Balls
Batting: LHB Abraham Horton 0-0: Fly out, F7 (Flyball, 7S)
Batting: RHB Edgardo Gonzáles 0-0: Called Strike
0-1: Called Strike
0-2: Strikes out swinging
Batting: RHB Frank Hester 0-0: Ball
1-0: Ball
2-0: Called Strike
2-1: Fly out, F9 (Flyball, 9LS)
Bottom of the 7th over - 0 run(s), 0 hit(s), 0 error(s), 1 left on base; Cincinnati 9 - Ohio State 2
TOP OF THE 8TH
Cincinnati Bearcats batting - Pitching for Ohio State Buckeyes : RHP Greg MacGilroy
Batting: RHB Henry Haines 0-0: Foul Ball, location: 2F
0-1: Fly out, F5 (Line Drive, 56S)
Batting: SHB Miguel Price 0-0: Ball
1-0: Ball
2-0: Fly out, F7 (Flyball, 7S)
Batting: RHB Ed Fuhrman 0-0: Ball
1-0: Called Strike
1-1: Foul Ball, location: 2F
1-2: Strikes out looking
Top of the 8th over - 0 run(s), 0 hit(s), 0 error(s), 0 left on base; Cincinnati 9 - Ohio State 2
BOTTOM OF THE 8TH
Ohio State Buckeyes batting - Pitching for Cincinnati Bearcats : RHP Chris Horne
Batting: SHB Theodore Draper 0-0: Swinging Strike
0-1: Foul Ball, location: 2F
0-2: Strikes out swinging
Batting: RHB Josh Joyner 0-0: Ball
1-0: Fly out, F9 (Flyball, 9LSF)
Batting: LHB Roberto Herrera 0-0: Ball
1-0: Ball
2-0: Foul Ball, location: 2F
2-1: SOLO HOME RUN (Flyball, 89XD), Distance : 366 ft
Batting: RHB Richie Sawyer 0-0: Ball
1-0: SINGLE (Flyball, 89S)
Batting: SHB Bill House 0-0: Ball
1-0: Called Strike
1-1: Ball
2-1: Swinging Strike
2-2: Ball
3-2: Foul Ball, location: 2F
3-2: Strikes out looking
Bottom of the 8th over - 1 run(s), 2 hit(s), 0 error(s), 1 left on base; Cincinnati 9 - Ohio State 3
TOP OF THE 9TH
Cincinnati Bearcats batting - Pitching for Ohio State Buckeyes : RHP Greg MacGilroy
Batting: RHB Dave Sawyer 0-0: Fly out, F7 (Flyball, 7)
Batting: RHB Peter Jones 0-0: Ground out 4-3 (Groundball, 4)
Batting: RHB Larry O'Sheill 0-0: Called Strike
0-1: Ball
1-1: Ball
2-1: Foul Ball, location: 2F
2-2: Ball
3-2: Foul Ball, location: 2F
3-2: SINGLE (Line Drive, 8RS)
Batting: SHB Troy Abreu 0-0: Ball
1-0: Foul Ball, location: 2F
1-1: Ball
2-1: Foul Ball, location: 2F
2-2: SINGLE (Groundball, 5D)
Larry O'Sheill to second
Batting: SHB Pete Potter 0-0: Ball
1-0: Foul Ball, location: 2F
1-1: Swinging Strike
1-2: Foul Ball, location: 2F
1-2: Foul Ball, location: 2F
1-2: Foul Ball, location: 2F
1-2: Ball
2-2: Fielders Choice at 2nd, 4-6 (Groundball, 34)
Top of the 9th over - 0 run(s), 2 hit(s), 0 error(s), 1 left on base; Cincinnati 9 - Ohio State 3
BOTTOM OF THE 9TH
Ohio State Buckeyes batting - Pitching for Cincinnati Bearcats : RHP Chris Horne
Batting: RHB George Pierce 0-0: Ball
1-0: Foul Ball, location: 2F
1-1: Fly out, F6 (Popup, 6D)
Batting: LHB Abraham Horton 0-0: Foul Ball, location: 2F
0-1: Ball
1-1: Ball
2-1: Ball
3-1: Called Strike
3-2: Base on Balls
Batting: RHB Edgardo Gonzáles 0-0: Ball
1-0: Ball
2-0: Foul Ball, location: 2F
2-1: Swinging Strike
2-2: Foul Ball, location: 2F
2-2: Ball
3-2: Base on Balls
Abraham Horton to second
Pitching: LHP Howard Collins
Batting: RHB Frank Hester 0-0: Foul Ball, location: 2F
0-1: Foul Ball, location: 2F
0-2: Foul Ball, location: 2F
0-2: Foul Ball, location: 2F
0-2: Strikes out swinging
Batting: SHB Theodore Draper 0-0: Called Strike
0-1: Fielders Choice at 2nd, 6-4 (Groundball, 6)
Bottom of the 9th over - 0 run(s), 0 hit(s), 0 error(s), 1 left on base; Cincinnati 9 - Ohio State 3
Thursday, March 30th, 2017 - OOTP Baseball 17.12 Build 75